 Dungeon Crawl Stone Soup version 0.29.1-1-gd02db6906a (webtiles) character file.

Game seed: 4808898740060360808

61 croobank the Caller (level 4, 0/40 HPs)
             Began as an Octopode Summoner on Oct 19, 2022.
             Succumbed to Crazy Yiuf's poison
             ... on level 2 of the Dungeon.
             The game lasted 00:04:46 (1570 turns).

croobank the Caller (Octopode Summoner)             Turns: 1570, Time: 00:04:47

Health: 0/40       AC: 22    Str:  7    XL:     4   Next: 7%
Magic:  7/7        EV:  2    Int: 25    God:
Gold:   65         SH:  0    Dex: 12    Spells: 2/8 levels left

rFire   . . .      SeeInvis .   d - +0 hand axe
rCold   . . .      Faith    .   (no shield)
rNeg    . . .      Spirit   .   (helmet currently unavailable)
rPois   +          Reflect  .   (no amulet)
rElec   .          Harm     .   c - +6 ring of intelligence
rCorr   .          Rampage  .   (no ring)
Will    .....      NoTele   +   (no ring)
Stlth   ++........              (no ring)
HPRegen 0.13/turn               (no ring)
MPRegen 0.10/turn               (no ring)
                                (no ring)
                                (no ring)

@: lethally poisoned (0 -> -1), tree-form
A: stationary, stasis, torment immunity, boosted hp, almost no armour,
(amphibious), 8 rings, (camouflage 1), (gelatinous body 1), (nimble swimmer 1),
(tentacles)
a: no special abilities


You were on level 2 of the Dungeon.
You were a tree.
You visited 1 branch of the dungeon, and saw 2 of its levels.

You collected 65 gold pieces.

Inventory:

Hand Weapons
 b - a +0 spear of flaming
 d - a +0 hand axe (weapon)
Jewellery
 c - a +6 ring of intelligence (left branch)
Wands
 j - a wand of mindburst (7)
Scrolls
 e - a scroll of poison {unknown}
 f - 2 scrolls of immolation {unknown}
 i - a scroll of brand weapon {unknown}
 k - a scroll of butterflies {unknown}
Potions
 h - a potion of invisibility


   Skills:
 + Level 0.8 Fighting
 + Level 2.6 Dodging
 - Level 3.4 Stealth
 + Level 2.6 Spellcasting
 + Level 4.4 Summonings


You had 2 spell levels left.
You knew the following spells:

 Your Spells              Type           Power      Damage    Failure   Level
a - Summon Small Mammal   Summ           100%       N/A       1%          1
b - Call Imp              Summ           25%        N/A       2%          2
c - Call Canine Familiar  Summ           25%        N/A       5%          3

Your spell library contained the following spells:

 Spells                   Type           Power      Damage    Failure   Level
 Summon Guardian Golem    Hex/Summ       14%        N/A       13%         3
 Summon Lightning Spire   Summ/Air       14%        N/A       38%         4


Dungeon Overview and Level Annotations

Branches:
Dungeon (2/15)

Altars:

Shops:
D:1 [


Innate Abilities, Weirdness & Mutations

You are a tree.
Your roots penetrate the ground, keeping you stationary.
You cannot be teleported.
You are immune to unholy pain and torment.
Your maximum health is greatly increased.
You cannot wear most types of armour.
((You are amphibious.))
You can wear up to eight rings at the same time.
((Your skin changes colour to match your surroundings (Stealth+).))
((Your rubbery body absorbs attacks. (AC +1, EV +1)))
((You are camouflaged when in or above water. (Stealth+)))
((You have tentacles for arms and can constrict up to eight enemies at once.))


Message History

Your iron imp closely misses Crazy Yiuf.
Crazy Yiuf barely misses your iron imp.
Your iron imp hits Crazy Yiuf!
You swap places.
* * * LOW HITPOINT WARNING * * *
You feel very sick.
Crazy Yiuf says, "Scoff pizzabubble forty-two!"
Crazy Yiuf hits your iron imp but does no damage.
Your iron imp barely misses Crazy Yiuf.
Okay, then.
Okay, then.
Okay, then.
Really quaff the potion of lignification? [Y]es or [N]o only, please.
Really quaff the potion of lignification? [Y]es or [N]o only, please.
Really quaff the potion of lignification? [Y]es or [N]o only, please.
Really quaff the potion of lignification?
You turn into a tree.
Your roots penetrate the ground.
* * * LOW HITPOINT WARNING * * *
You feel sick.
Your iron imp hits Crazy Yiuf!
Crazy Yiuf dies!
You have reached level 4!
* * * LOW HITPOINT WARNING * * *
You feel sick.
* * * LOW HITPOINT WARNING * * *
You feel sick.
* * * LOW HITPOINT WARNING * * *
You feel sick.
* * * LOW HITPOINT WARNING * * *
You feel sick.
Okay, then.
This is a scroll of acquirement!
Something appears at your feet!
* * * LOW HITPOINT WARNING * * *
You feel sick.
You feel clever.
c - a +6 ring of intelligence (left branch) Magic courses through your body.
You die...

######..####....##.#
#######
#(............#
.......
#.####..#######
.###### #.# #....#
#.# ♣....♣ #.#
♣...♣♣ #.# ♣♣.♣♣ #.#
♣.♣♣ ♣♣♣♣ ♣r♣♣ ♣♣5♣
#)# ... #...# #..)#
#####


You could see a friendly iron imp (summoned, berserk) and a friendly quokka
(summoned).

Vanquished Creatures
  2 bats (D:1)
  An endoplasm (D:1)
  3 goblins
  A quokka (D:1)
  A ball python (D:1)
8 creatures vanquished.

Vanquished Creatures (collateral kills)
  Crazy Yiuf (D:2)
  2 endoplasms (D:1)
  A giant cockroach (D:1)
  2 hobgoblins
  2 kobolds
  A quokka (D:1)
  3 ball pythons (D:1)
  A bat (D:1)
  2 frilled lizards
  3 goblins
  3 rats (D:1)
21 creatures vanquished.

Grand Total: 29 creatures vanquished

Notes
Turn   | Place    | Note
-------+----------+-------------------------------------------
     0 | D:1      | croobank the Octopode Summoner began the quest for the Orb.
     0 | D:1      | Reached XP level 1. HP: 11/11 MP: 3/3
   211 | D:1      | Reached XP level 2. HP: 17/17 MP: 3/5
   238 | D:1      | Learned a level 2 spell: Call Imp
   699 | D:1      | Found a faded altar of an unknown god.
   900 | D:1      | Found Rememelu's Antique Armour Emporium.
  1097 | D:1      | Reached XP level 3. HP: 21/21 MP: 2/6
  1101 | D:1      | Learned a level 3 spell: Call Canine Familiar
  1485 | D:2      | Found a runed translucent door.
  1486 | D:2      | Noticed Crazy Yiuf
  1563 | D:2      | Killed Crazy Yiuf
  1564 | D:2      | Reached XP level 4. HP: 6/27 MP: 3/7
  1567 | D:2      | HP: 2/40 [poisoned by Crazy Yiuf]
  1568 | D:2      | Identified a scroll of acquirement
  1568 | D:2      | Acquired a +6 ring of intelligence
  1570 | D:2      | Succumbed to Crazy Yiuf's poison

Illustrated notes

Levels and vault maps discovered:
D:1:      dpeg_arrival_line_fractal, layout_basic, serial_shops, shop,
          hellmonk_ecumenical_altar_arch_garden
D:2:      layout_loops_ring, basic_altar, uniq_sigmund, uniq_crazy_yiuf_cottage

Skill      XL: |  1 |
---------------+----+-----
Stealth        | 3 |  3.4
Fighting       | |  0.8
Dodging        | |  2.6
Spellcasting   | |  2.6
Summonings     | |  4.4

Action                   |  1- 3 |  4- 6 || total
-------------------------+-------+-------++-------
Melee: Hand axe          |    11 |       ||    11
       Unarmed           |     2 |       ||     2
       Constrict         |     2 |       ||     2
       Tentacles         |     1 |       ||     1
 Cast: Summon Small Mamm |    35 |       ||    35
       Call Imp          |     9 |       ||     9
  Use: Scroll            |     2 |     1 ||     3
       Potion            |     1 |     1 ||     2
Armor: Skin              |     1 |       ||     1
Dodge: Dodged            |     8 |       ||     8
